AoeStats
← MatzeAoE

MegaRandom

505425746Analyzed
1v1 RM · 23d ago on Sep 9, 2026· 27m 16s· 2 players
Game mode
Random Map
Map size
Tiny (2 player)
Population
200
Speed
Normal
Resources
Standard
Victory
Conquest
Starting age
Dark Age
Ending age
Imperial Age
RankedLock teamsTeams togetherTeam positionsShared explorationLock speedFull tech treeHidden civsTurbo modeCheats
Victory
Defeat
🇩🇪 Bengalis · Germany
2027
+9
🇦🇺 Khmer · Australia
1865
-9
MatzeAoE
0:57 Loom
11:02 Feudal Age
14:27 Castle Age
12:20 Double-Bit Axe
12:29 Stone Mining
12:48 Gold Mining
12:41 Horse Collar
15:57 Wheelbarrow
15:32 Bow Saw
16:03 Forging
20:58 Iron Casting
20:28 Padded Archer Armor
22:47 Leather Archer Armor
27:10 Imperial Age
26:02 Gold Shaft Mining
25:49 Bloodlines
25:39 Husbandry
27:43 Husbandry
28:20 Ring Archer Armor
28:51 Blast Furnace
28:21 Ring Archer Armor
28:15 Conscription
Fakedos
3:54 Loom
10:59 Feudal Age
14:22 Castle Age
13:32 Bloodlines
13:56 Horse Collar
14:13 Double-Bit Axe
15:25 Wheelbarrow
15:00 Scale Barding Armor
15:09 Husbandry
16:45 Gold Mining
19:15 Chain Barding Armor
21:39 Bow Saw
23:12 Elite Skirmisher
24:28 Fletching
24:54 Padded Archer Armor
25:28 Bodkin Arrow
Connection lost

Rejoining the realm…

Still unreachable

The connection could not be restored.

Session expired

The server has moved on; the page needs a fresh start.